Map: Temple gelé

Players

zidar

  • Race: Zerg Zerg
  • League: Gold
  • Spawn Location: 11:00

Mag - Winner!

  • Race: Protoss Protoss
  • League: Gold
  • Spawn Location: 5:00

VOD

Have the link to the VOD?

Description

Time

  • Played on: May 14, 2016, 8:16 a.m.
  • Length: 4:44
Show
View Real Time Build Order
Export as new Build Order

zidar Zerg 

Build Orders: Pool First 

Get SALT Encoding   

  12  0:01  Drone  
  13  0:12  Overlord  
  13  0:17  Drone  
  14  0:30  Drone x2  
  14  0:34  Drone  
  17  0:49  Spawning Pool  
  16  1:01  Drone  
  17  1:10  Drone  
  18  1:46  Zergling x6  
  21  2:44  Queen  
  21  2:45  Hatchery  
  22  3:00  Hatchery  
  20  3:22  Roach Warren  
  17  4:07  Zergling x12  
Show
View Real Time Build Order
Export as new Build Order

Mag Protoss - Winner!

Build Orders:  

Get SALT Encoding   

  12  0:01  Probe (Chrono Boost)  
  13  0:15  Pylon  
  13  0:18  Probe (Chrono Boost)  
  15  0:35  Probe (Chrono Boost)  
  15  0:39  Forge  
  15  0:45  Pylon  
  15  0:48  Probe (Chrono Boost)  
  16  0:59  Probe (Chrono Boost)  
  16  1:01  Assimilator  
  17  1:08  Assimilator  
  17  1:10  Probe (Chrono Boost)  
  18  1:16  Pylon  
  18  1:36  Photon Cannon  
  18  1:37  Photon Cannon  
  18  1:46  Pylon  
  18  1:54  Pylon  
  18  2:00  Photon Cannon  
  18  2:09  Photon Cannon  
  18  2:15  Photon Cannon  
  18  2:36  Pylon  
  18  2:39  Pylon  
  18  2:41  Pylon  
  18  2:48  Photon Cannon  
  18  2:55  Photon Cannon  
  18  3:04  Photon Cannon  
  18  3:11  Photon Cannon  
  18  3:24  Photon Cannon  
  18  3:29  Pylon  
  18  3:39  Pylon  
  18  3:46  Pylon  
  18  4:00  Pylon  
  18  4:05  Photon Cannon  
  18  4:08  Photon Cannon  
  18  4:10  Pylon  
  18  4:21  Photon Cannon  
  18  4:41  Photon Cannon  
  18  4:43  Photon Cannon  
Tags
 
League
GoldGold
Matchup
PvZ
Opening
Pool First
Spawn Locations
Cross Positions
Add a new tag
Caveats
  • Supply blocks, unpowered buildings, or Contaminate may cause inaccurate times.
  • Supply counts are checked every 10 seconds.